 Dungeon Crawl Stone Soup version 0.30-a0-743-gbfdf073431 (webtiles) character file.

Game seed: 1048976478839218967

284 lunkers the Carver (level 6, -7/48 HPs)
             Began as a Meteoran Gladiator on Feb 6, 2023.
             Mangled by an ogre
             ... wielding a +0 giant club
              (18 damage)
             ... on level 4 of the Dungeon.
             The game lasted 00:03:20 (1818 turns).

lunkers the Carver (Meteoran Gladiator)             Turns: 1818, Time: 00:03:20

Health: -7/48      AC:  9    Str: 15    XL:     6   Next: 86%
Magic:  7/7        EV: 15    Int: 10    God:
Gold:   175        SH:  4    Dex: 18    Spells: 5/5 levels left

rFire   . . .      SeeInvis .    a - +0 long sword
rCold   . . .      Faith    .    r - +0 buckler
rNeg    . . .      Spirit   .    u - +0 scale mail
rPois   .          Reflect  .    c - +0 helmet
rElec   .          Harm     .    (no cloak)
rCorr   .          Rampage  .    q - +0 pair of gloves
Will    .....                    t - +0 pair of boots Stlth
                                 h - amulet of magic regeneration
HPRegen 0.28/turn                p - +5 ring of evasion
MPRegen 0.50/turn                (no ring)

@: glowing
A: sense surroundings 1, otherworldly, glowing, explore regen
a: no special abilities


You were on level 4 of the Dungeon.
You visited 1 branch of the dungeon, and saw 4 of its levels.

You collected 175 gold pieces.

Inventory:

Hand Weapons
 a - a +0 long sword (weapon)
Missiles
 d - 3 throwing nets
 e - a javelin
 x - 5 silver javelins
Armour
 b - a +0 leather armour
 c - a +0 helmet (worn)
 q - a +0 pair of gloves (worn)
 r - a +0 buckler (worn)
 t - a +0 pair of boots (worn)
 u - a +0 scale mail (worn)
 B - a +2 ring mail of cold resistance
Jewellery
 h - an amulet of magic regeneration (around neck)
 p - a +5 ring of evasion (left hand)
Scrolls
 g - 3 scrolls of teleportation {unknown}
 i - 2 scrolls of torment {unknown}
 j - a scroll of poison {unknown}
 k - 3 scrolls of identify {unknown}
 m - a scroll of fog {unknown}
 w - a scroll of blinking {unknown}
 y - 2 scrolls of enchant weapon {unknown}
 z - a scroll of noise {unknown}
Potions
 f - a potion of resistance {unknown}
 l - 6 potions of curing {unknown}
 n - a potion of degeneration {unknown}
 o - a potion of mutation {unknown}
 s - a potion of invisibility {unknown}
 v - a potion of might {unknown}
 A - a potion of attraction {unknown}


   Skills:
 - Level 2.1 Fighting
 + Level 8.3 Long Blades
 - Level 2.4 Throwing
 - Level 3.6 Dodging


You had 5 spell levels left.
You didn't know any spells.
Your spell library contained the following spells:

 Spells                   Type           Power      Damage    Failure   Level
 Necrotise                Necr           0%         1d4       91%         1


Dungeon Overview and Level Annotations

Branches:
Dungeon (4/15) Zot: 558
 Temple: D:4-7

Altars:
Makhleb
Qazlal
Sif Muna

Shops:
D:3 (


Innate Abilities, Weirdness & Mutations

You passively map a small area around you.
You are easily found by Zot.
You glow in the dark.
You regain HP and MP as you explore.


Message History

No target in view!
An orc comes into view. It is wielding a +4 whip.
The orc shouts!
Found a fizzy sapphire potion.
The orc misses you.
You hit the orc but do no damage. You block the orc's attack.
You barely miss the orc. The orc barely misses you.
You slash the orc!
You kill the orc!
No target in view!
A goblin comes into view. It is wielding a +0 club.
Items here: ) [[ †.
The goblin shouts!
An ogre comes into view. It is wielding a +0 giant club.
The ogre shouts!
Items here: ) [[ †.
B - a +2 ring mail of cold resistance You hit the ogre.
The ogre is lightly wounded.
The ogre closely misses you.
You hit the ogre but do no damage.
The ogre is lightly wounded.
You block the goblin's attack. The ogre hits you with a +0 giant club.
You slash the ogre!
The ogre is heavily wounded.
The goblin misses you.
You barely miss the ogre.
The ogre is heavily wounded.
The ogre hits you with a +0 giant club. The goblin closely misses you.
You hit the ogre.
The ogre is severely wounded.
The goblin hits you but does no damage.
The ogre hits you with a +0 giant club!!
Ouch! That really hurt!
* * * LOW HITPOINT WARNING * * *
You hit the ogre.
The ogre is severely wounded.
The goblin hits you with a +0 club.
* * * LOW HITPOINT WARNING * * *
The ogre hits you with a +0 giant club!!
You die...

######## * ##......## *
##........## # ,
#..........# * .. ,
#..........# ..#* *
#....†.....#* ,..# , *##
#..........## ...# .. (
#.........).#....# #..* *#
##..###.###@O...!# ,#..####
##..# #.# #.g....# ##.....
#...###+# #..#...# #.....#
#.....+ **#.##.#.##* #....##
#...###+# #.#......#.#.....#
#..†# #.# #.#...##.#.#...#..
#...###.###......#.......###
##............##..#.........
##...........###...........


You could see an ogre and a goblin.

Vanquished Creatures
  A hound (D:4)
  A jelly (D:4)
  2 orc priests (D:4)
  2 orc wizards (D:4)
  6 adders
  2 worms (D:2)
  3 dart slugs
  5 orcs (D:4)
  5 ball pythons
  7 endoplasms
  A giant cockroach (D:3)
  A goblin (D:1)
  7 hobgoblins
  3 kobolds
  2 quokkas (D:2)
  3 bats
  2 frilled lizards
  4 rats
57 creatures vanquished.

Vanquished Creatures (others)
  A fungus (D:3)
1 creature vanquished.

Grand Total: 58 creatures vanquished

Notes
Turn   | Place    | Note
-------+----------+-------------------------------------------
     0 | D:1      | lunkers the Meteoran Gladiator began the quest for the Orb.
     0 | D:1      | Reached XP level 1. HP: 17/17 MP: 2/2
    92 | D:1      | Reached skill level 4 in Long Blades
    93 | D:1      | Reached XP level 2. HP: 23/24 MP: 3/3
   365 | D:2      | Reached skill level 5 in Long Blades
   365 | D:2      | Reached XP level 3. HP: 29/29 MP: 4/4
   421 | D:2      | Reached XP level 4. HP: 21/36 MP: 5/5
   617 | D:2      | Found a shimmering blue altar of Sif Muna.
   682 | D:2      | Reached skill level 6 in Long Blades
  1005 | D:3      | Found a burning altar of Makhleb.
  1005 | D:3      | Found a stormy altar of Qazlal.
  1103 | D:3      | Reached XP level 5. HP: 41/41 MP: 6/6
  1188 | D:3      | Found a faded altar of an unknown god.
  1193 | D:3      | Got Plato's Parchment of Skeletons
  1442 | D:3      | Found Asostru's Antique Weapon Shop.
  1709 | D:4      | Reached skill level 7 in Long Blades
  1711 | D:4      | Reached XP level 6. HP: 30/48 MP: 7/7
  1736 | D:4      | Reached skill level 8 in Long Blades
  1809 | D:4      | Noticed an ogre
  1818 | D:4      | Mangled by an ogre

Illustrated notes

Levels and vault maps discovered:
D:1:      roderic_crop_circles_arrival_small, layout_basic, minmay_cupped
D:2:      layout_loops_ring, basic_altar
D:3:      layout_basic, gammafunk_temple_overflow_pools, serial_shops,
          nicolae_shop_overgrown_old_shop, shapermc_ecumenical_altar_rom_forum,
          minmay_misc_feat_nine_boxes
D:4:      layout_rooms, lemuel_doored_altar

Skill      XL: |  1  2  3  4  5  6 |
---------------+-------------------+-----
Long Blades    | 4 5 6 7 8 |  8.3
Fighting       | |  2.1
Throwing       | |  2.4
Dodging        | |  3.6

Action                     |  1- 3 |  4- 6 || total
---------------------------+-------+-------++-------
  Melee: Long sword        |    44 |   140 ||   184
 Armour: Leather armour    |    15 |    16 ||    31
         Scale mail        |       |    33 ||    33
  Dodge: Dodged            |    27 |    76 ||   103
  Block: Buckler           |       |    28 ||    28

Table legend: (Time is in decaauts)
 A = Elapsed time spent in this place.
 B = Non-inter-level travel time spent in this place.
 C = Inter-level travel time spent in this place.
 D = Time resting spent in this place.
 E = Time spent auto-exploring this place.
 F = Levels seen in this place.
 G = Mean time per level.
                   A        B        C        D        E       F      G
               +--------+--------+--------+--------+--------+-----+--------+
         Total |   1840 |   1815 |     25 |      0 |   1305 |   4 |  460.0 |
       Dungeon |   1840 |   1815 |     25 |      0 |   1305 |   4 |  460.0 |
               +--------+--------+--------+--------+--------+-----+--------+

Top non-repeatable levels by time:
     D:2: 646 daAuts
     D:3: 580 daAuts
     D:1: 322 daAuts
     D:4: 291 daAuts
